cohdb
Replays
Latest Replays
All Replays
Popular Replays
Top Player Replays
Match Explorer
How It Works
Community
CoH3 Stats
Reddit
Sign in to upload your games and track your stats! →
Sign in with Steam
Match 43493490
Unlisted
Match 43493490
Overview
Messages
Build Orders
End
Royal Engineer Section
Construct Section Command Post
Infantry Section
Selects Air and Sea Battlegroup
Dingo Light Scout Car
Infantry Section
Vickers Machine Gun Team
Construct Field Infirmary
Construct Platoon Command Post
Unlock M3 Stuart Light Tanks
Selects Commando Section Paradrop
M3 Stuart Light Tank
Commando Section Paradrop
M3 Stuart Light Tank
Selects Commando Support Section Paradrop
6-pounder Anti-tank Gun Team
ML 3-inch Mortar Team
Construct Company Command Post
Selects Anti-tank Rocket Loiter
Unlock M3 Grant Medium Tanks
Anti-tank Rocket Loiter
M3 Grant Medium Tank
Foot Guards Section
Anti-tank Rocket Loiter
M3 Grant Medium Tank
Selects Naval Blockade
Selects UNKNOWN (223837)
Engine1000
咚咚锵个腿
0
0
Comments
sign in to comment!
No comments posted yet!